 Dungeon Crawl Stone Soup version 0.29-a0-643-ga013cefcf8 (webtiles) character file.

Game seed: 18132299415761622864

108863 Zonian the Covert (level 16, 0/76 HPs)
             Began as a Vine Stalker Ice Elementalist on June 18, 2022.
             Was an Elder of Nemelex Xobeh.
             Slain by a redback simulacrum (12 damage)
             ... on level 1 of the Spider Nest on June 19, 2022.
             The game lasted 01:58:17 (31400 turns).

Zonian the Covert (Vine Stalker Ice Elementalist)  Turns: 31400, Time: 01:58:25

Health: 0/76       AC: 19    Str: 10    XL:     16   Next: 50%
Magic:  0/32       EV: 23    Int: 22    God:    Nemelex Xobeh [****..]
Gold:   339        SH:  2    Dex: 28    Spells: 13/38 levels left

rFire   + . .      SeeInvis .   D - +9 rapier (elec)
rCold   . . .      Faith    .   (no shield)
rNeg    . . .      Spirit   +   H - +2 leather armour of Boas {rPois rF+ Int+2}
rPois   +          Reflect  .   q - +2 helmet {Int+3}
rElec   .          Harm     .   M - +2 cloak {Will+}
rCorr   +          Rampage  .   p - +2 pair of gloves
Will    +++..                   x - +2 pair of boots
Stlth   ++++++....              G - amulet of magic regeneration
HPRegen 1.02/turn               c - +6 ring of dexterity
MPRegen 0.63/turn               Y - ring of the Octopus King {rCorr HP+2 AC+2 EV+2 SH+2}

@: freezing walls
A: fangs 3, regeneration 1, magic shield, antimagic bite, no potion heal 2,
deformed body
a: Renounce Religion, Draw Escape, Draw Destruction, Draw Summoning, Draw Stack,
Triple Draw, Deal Four


You were on level 1 of the Spider Nest.
You worshipped Nemelex Xobeh.
Nemelex Xobeh was greatly pleased with you.
You visited 5 branches of the dungeon, and saw 25 of its levels.
You visited the Abyss 1 time.
You also visited: Sewer.

You collected 2227 gold pieces.
You spent 1888 gold pieces at shops.

Inventory:

Hand Weapons
 b - a +2 falchion of holy wrath
 g - a +2 vorpal hand crossbow
 t - the +9 rapier "Niukhiwi" {flame, Contam *Slow rPois rCorr}
   (You bought it in a shop on level 1 of the Orcish Mines)

   It burns those it strikes, dealing additional fire damage.
   rPois:     It protects you from poison.
   Contam:    It causes magical contamination when unequipped.
   rCorr:     It protects you from acid and corrosion.
   *Slow:     It may slow you when you take damage.
 B - the +5 short sword of Duty {flame, rC- Int+4 SInv Stlth+}
   (You bought it in a shop on level 2 of the Orcish Mines)

   It burns those it strikes, dealing additional fire damage.
   Int:       It affects your intelligence (+4).
   rC:        It makes you vulnerable to cold.
   SInv:      It lets you see invisible.
   Stlth:     It makes you more stealthy.
 D - a +9 rapier of electrocution (weapon)
Missiles
 u - 6 boomerangs
 N - 7 javelins
 P - 26 poisoned darts
Armour
 m - the +4 robe of the Equinox {rN+ Int+3 SInv Stlth+}
   (You found it on level 15 of the Dungeon)

   Int:       It affects your intelligence (+3).
   rN:        It protects you from negative energy.
   SInv:      It lets you see invisible.
   Stlth:     It makes you more stealthy.
 p - a +2 pair of gloves (worn)
 q - a +2 helmet of intelligence (worn)
 x - a +2 pair of boots (worn)
 A - the +1 scale mail of Nalic {rElec rC+ Dex-3}
   (You found it on level 6 of the Dungeon)

   Dex:       It affects your dexterity (-3).
   rC:        It protects you from cold.
   rElec:     It insulates you from electricity.
 F - a +2 hat of stealth
 H - the +2 leather armour of Boas (worn) {rPois rF+ Int+2}
   (You took it off an orc on level 7 of the Dungeon)

   Int:       It affects your intelligence (+2).
   rF:        It protects you from fire.
   rPois:     It protects you from poison.
 M - a +2 cloak of willpower (worn)
Jewellery
 a - the ring of the Tortoise {AC+8}
   (You found it on level 4 of the Lair of Beasts)

   [ring of protection]

   AC:        It affects your AC (+8).
 c - a +6 ring of dexterity (left hand)
 f - a ring of willpower
 z - a +6 ring of intelligence
 G - an amulet of magic regeneration (around neck)
 Y - a ring of the Octopus King (right hand) {rCorr HP+2 AC+2 EV+2 SH+2}
   (You found it on level 6 of the Lair of Beasts)

   [ring of resist corrosion]

   AC:        It affects your AC (+2).
   EV:        It affects your evasion (+2).
   HP:        It affects your health (+2).
   rCorr:     It protects you from acid and corrosion.
   SH:        It affects your SH (+2).
Wands
 h - a wand of flame (37)
 j - a wand of quicksilver (8)
 r - a wand of mindburst (15)
 Q - a wand of paralysis (31)
 X - a wand of iceblast (2)
Scrolls
 i - 3 scrolls of teleportation
 s - a scroll of enchant weapon
 E - a scroll of summoning
 I - a scroll of silence
 J - 4 scrolls of fog
 K - a scroll of fear
 S - 2 scrolls of amnesia
 W - 3 scrolls of poison
Potions
 d - 16 potions of curing
 k - 3 potions of haste
 l - 4 potions of flight
 n - 6 potions of might
 w - 4 potions of magic
 C - a potion of resistance
 O - 3 potions of lignification
 R - 3 potions of berserk rage
 T - 4 potions of cancellation
 U - 3 potions of brilliance
 V - a potion of ambrosia
Miscellaneous
 e - a phantom mirror
 L - a condenser vane
 Z - a box of beasts


   Skills:
 + Level 4.1 Fighting
 + Level 8.9 Short Blades
 + Level 4.1 Crossbows
 - Level 5.5 Armour
 + Level 9.8 Dodging
 + Level 14.7 Stealth
 + Level 11.6 Spellcasting
 + Level 8.0 Conjurations
 + Level 5.1 Hexes
 + Level 3.9 Necromancy
 - Level 12.0 Ice Magic
 + Level 1.7 Earth Magic
 + Level 2.5 Invocations
 + Level 7.9 Evocations


You had 13 spell levels left.
You knew the following spells:

 Your Spells              Type           Power      Damage    Failure   Level
a - Freeze                Ice            100%       1d11      1%          1
b - Frozen Ramparts       Ice            100%       1d12      1%          3
c - Ozocubu's Armour      Ice            60%        N/A       1%          3
d - Hailstorm             Conj/Ice       54%        3d12      1%          4
e - Dazzling Flash        Conj/Hex       82%        N/A       1%          3
f - Vampiric Draining     Necr           30%        2d8       4%          3
g - Stone Arrow           Conj/Erth      68%        3d11      2%          3
h - Iskenderun's Battles  Conj           48%        2d10      7%          5

Your spell library contained the following spells:

 Spells                   Type           Power      Damage    Failure   Level
 Magic Dart               Conj           100%       1d8       1%          1
 Necrotize                Necr           100%       1d9       1%          1
 Slow                     Hex            100%       N/A       1%          1
 Searing Ray              Conj           96%        2d7       1%          2
 Static Discharge         Conj/Air       30%        N/A       1%          2
 Sublimation of Blood     Necr           30%        N/A       1%          2
 Confusing Touch          Hex            35%        N/A       2%          3
 Tukima's Dance           Hex            35%        N/A       2%          3
 Sandblast                Erth           40%        2d10      3%          1
 Fulminant Prism          Conj/Hex       20%        3d13      4%          4
 Apportation              Tloc           24%        N/A       7%          1
 Summon Small Mammal      Summ           48%        N/A       7%          1
 Passwall                 Tmut/Erth      13%        N/A       7%          2
 Cause Fear               Hex            17%        N/A       9%          4
 Freezing Cloud           Conj/Ice/Air   21%        6-21      12%         5
 Fireball                 Conj/Fire      15%        3d8       34%         5
 Irradiate                Conj/Tmut      15%        3d18      34%         5
 Lightning Bolt           Conj/Air       15%        1d29      34%         5
 Agony                    Necr           30%        N/A       36%         5
 Simulacrum               Ice/Necr       24%        N/A       36%         6
 Petrify                  Tmut/Erth      16%        N/A       43%         4
 Passage of Golubria      Tloc           12%        N/A       54%         4
 Silence                  Hex/Air        12%        N/A       54%         5
 Yara's Violent Unravell  Hex/Tmut       12%        3d7       54%         5
 Conjure Ball Lightning   Conj/Air       15%        3x3d6     89%         6
 Orb of Destruction       Conj           24%        9d9       91%         7
 Enfeeble                 Hex            17%        N/A       100%        7
 Maxwell's Capacitive Co  Air            6%         ∞         100%        8
 Death's Door             Necr           15%        N/A       100%        9


Dungeon Overview and Level Annotations

Branches:
Dungeon (15/15)            Temple (1/1) D:6            Lair (6/6) D:9
 Shoals (0/4) Lair:2       Spider (1/4) Lair:3        Slime (0/5) Lair:6
    Orc (2/2) D:12            Elf (0/3) Orc:2        Vaults (0/5) D:14
 Depths (0/4) D:15          Sewer (visited)

Altars:
Ashenzari
Cheibriados
Dithmenos
Elyvilon
Fedhas
Gozag
Hepliaklqana
Kikubaaqudgha
Makhleb
Nemelex Xobeh
Okawaru
Qazlal
Ru
Sif Muna
Trog
Uskayaw
Vehumet
Wu Jian
Xom
Yredelemnul
Zin
The Shining One
Beogh
Ignis

Shops:
D:4 *?=   D:6 [   D:7 (   D:12 ?   D:13 *   Orc:1 ([(*   Orc:2 =*([

Portals:
Trove: D:11 (give +4 storm dragon scales)

Annotations:
D:7 2 transporters, Kazon's ghost, novice DsBe
D:8 2 transporters, Foxy's ghost, novice TrFi
D:10 exclusion: orange crystal statue, Erolcha
D:14 2 transporters, enile's ghost, journeyman FoEE
Lair:4 exclusion: 2 oklob plants


Innate Abilities, Weirdness & Mutations

You have razor-sharp teeth.
Your natural rate of healing is unusually fast.
When hurt, damage is shared between your health and your magic reserves.
Your bite disrupts and absorbs the magic of your enemies.
Potions cannot restore your health.
Armour fits poorly on your strangely shaped body.


Message History

The wall freezes the redback simulacrum but does no damage.
The redback simulacrum completely resists.
The wall freezes the redback simulacrum but does no damage.
The redback simulacrum closely misses you.
The redback simulacrum completely resists.
The wall freezes the redback simulacrum but does no damage.
The redback simulacrum barely misses you.
The redback simulacrum completely resists.
The wall freezes the redback simulacrum but does no damage.
The redback simulacrum bites you but does no damage.
The redback simulacrum completely resists.
The wall freezes the redback simulacrum but does no damage.
The redback simulacrum closely misses you.
The redback simulacrum completely resists.
The wall freezes the redback simulacrum but does no damage.
The redback simulacrum bites you! The redback simulacrum freezes you!
The redback simulacrum completely resists.
The wall freezes the redback simulacrum but does no damage.
Okay, then.
You draw a card...
You have drawn the Pentagram.
The redback simulacrum completely resists.
The wall freezes the redback simulacrum but does no damage.
The redback simulacrum completely misses you.
The redback simulacrum completely resists.
The wall freezes the redback simulacrum but does no damage.
The redback simulacrum closely misses you.
The redback simulacrum completely resists.
The wall freezes the redback simulacrum but does no damage.
The redback simulacrum bites you. The redback simulacrum freezes you!
* * * LOW HITPOINT WARNING * * *
The redback simulacrum completely resists.
The wall freezes the redback simulacrum but does no damage.
The redback simulacrum completely misses you.
The redback simulacrum completely resists.
The wall freezes the redback simulacrum but does no damage.
The redback simulacrum bites you!
* * * LOW HITPOINT WARNING * * *
The redback simulacrum freezes you!!
You die...
Your body disappears without a glow.

##..s...s.s.#...##....#
#........s. #....##....
#....... ##.....##^..
#..†Z.# ##...##..#^..
#..s.# #.^..#..##...
##.Zs#########..##...
##.3.##..#..##..#...
####ZZ##......#..#...
##.^#@.#......##..#...
##...ZZZ#.....###..#...
##...R.###..†.###...#...
#..#####^...#.......#...
##..†.†....##.....###...
#.........#####.##.....
###......## ### .....
######## #####


You could see a neqoxec (summoned), a jumping spider, a redback, a tarantella
simulacrum, 6 redback simulacra and a friendly rakshasa (summoned, wandering).

Vanquished Creatures
  A kraken (Abyss:2)
  An orc warlord (Orc:2)
  A very ugly thing (D:15)
  An entropy weaver (Spider:1)
  The ghost of Xuokouwn the Blocker, a journeyman DsBe of Trog (D:15)
  A dire elephant (D:15)
  A wendigo (Spider:1)
  Snorg (D:12)
  A yaktaur captain (D:15)
  9 hydras
  2 ogre magi (D:15)
  4 boulder beetles
  A catoblepas (D:14)
  4 centaur warriors
  A radroach (Spider:1)
  A merfolk avatar (Lair:6)
  12 two-headed ogres
  4 orc high priests (Orc:2)
  7 death yaks
  Urug (D:10)
  A thrashing horror (Abyss:1)
  3 pharaoh ants (Spider:1)
  3 skeletal warriors (D:14)
  A steelbarb worm (Spider:1)
  An orb spider (Spider:1)
  A wizard (D:15)
  5 orc knights
  A necromancer (Lair:2)
  3 lindwurms (Lair:5)
  2 orc sorcerers (Orc:2)
  5 cyclopes
  5 deep elf pyromancers
  8 ugly things
  Pikel (D:5)
  7 wolf spiders
  9 elephants (Lair:6)
  4 manticores
  Joseph (D:7)
  2 black mambas
  2 torpor snails (Lair:5)
  3 centaur skeletons (D:14)
  20 cane toads
  An orange demon (Abyss:1)
  Maggie (D:7)
  2 demonic crawlers (Spider:1)
  A rime drake (Lair:3)
  9 komodo dragons
  An efreet (D:15)
  5 yaktaurs (D:14)
  2 kobold demonologists
  4 freezing wraiths
  A queen bee (Spider:1)
  A merfolk (D:15)
  2 polar bears (Lair:6)
  4 trolls
  3 wind drakes
  12 tarantellas
  Grinder (D:5)
  A wolf spider simulacrum (D:15)
  A hornet (Lair:6)
  Prince Ribbit (D:6)
  7 blink frogs
  5 large abominations (D:15)
  2 snapping turtles (Lair:6)
  6 jumping spiders (Spider:1)
  7 culicivoras
  A shadow (D:12)
  4 wraiths
  4 wyverns (Lair:2)
  6 basilisks
  50 yaks
  A yak (shapeshifter) (D:14)
  24 fire elementals
  Eustachio (D:6)
  3 steam dragons
  23 redbacks (Spider:1)
  6 wargs
  11 water moccasins
  23 orc warriors
  4 sky beasts
  A black bear (D:9)
  8 small abominations
  8 ogres
  2 centaurs
  A phantom (D:5)
  20 bullfrogs
  5 kobold brigands
  8 gnoll sergeants
  4 scorpions
  14 jellies
  4 killer bees (D:7)
  7 howler monkeys
  A lava snake (D:13)
  4 gnoll shamans
  10 orc priests
  7 hounds
  9 iguanas
  2 yak simulacra (Lair:2)
  24 orc wizards
  A boggart skeleton (D:14)
  A wolf simulacrum (Lair:2)
  7 adders
  26 gnolls
  A shadow imp (D:6)
  2 ufetubi
  4 dart slugs
  4 worms
  59 orcs
  11 endoplasms
  8 giant cockroaches
  5 goblins
  5 hobgoblins
  A jackal (Sewer)
  12 kobolds
  4 quokkas
  7 ball pythons
  2 bats
  A frilled lizard (D:2)
  7 rats
  A tentacle (Abyss:2)
692 creatures vanquished.

Vanquished Creatures (collateral kills)
  2 skeletal warriors (D:14)
  A gnoll (D:8)
3 creatures vanquished.

Vanquished Creatures (others)
  A vampire (D:13)
  An orc (D:7)
  24 foxfires
  54 fungi
  61 plants
  2 starspawn tentacles (Abyss:1)
  15 tentacles (Abyss:2)
158 creatures vanquished.

Grand Total: 853 creatures vanquished

Notes
Turn   | Place    | Note
-------+----------+-------------------------------------------
     0 | D:1      | Zonian the Vine Stalker Ice Elementalist began the quest
                  | for the Orb.
     0 | D:1      | Reached XP level 1. HP: 9/9 MP: 4/4
   189 | D:1      | Reached XP level 2. HP: 8/13 MP: 0/6
   781 | D:1      | Reached skill level 3 in Stealth
  1103 | D:1      | Found a faded altar of an unknown god.
  1106 | D:1      | Prayed at the altar of an unknown god.
  1106 | D:1      | Became a worshipper of Ignis, the Dying Flame
  1180 | D:2      | Reached XP level 3. HP: 15/16 MP: 2/7
  1921 | D:2      | Gained mutation: Your natural rate of healing is unusually
                  | fast. [Vine Stalker growth]
  1921 | D:2      | Reached XP level 4. HP: 18/21 MP: 3/9
  2639 | D:3      | Reached XP level 5. HP: 22/24 MP: 8/10
  3116 | D:4      | Found Koid's Magic Scroll Emporium.
  3460 | D:4      | Reached skill level 4 in Stealth
  3643 | D:4      | Found Foinneej's Jewellery Shoppe.
  3820 | D:4      | Reached XP level 6. HP: 26/28 MP: 8/12
  3871 | D:4      | Found Yxeros's Assorted Antiques.
  3879 | D:4      | Bought a scroll labelled PINKIJIJEO for 26 gold pieces
  3879 | D:4      | Bought a scroll labelled PINKIJIJEO for 26 gold pieces
  3879 | D:4      | Bought a forked lead wand for 104 gold pieces
  3915 | D:4      | Reached skill level 5 in Ice Magic
  4220 | D:4      | Found a hazy altar of Hepliaklqana.
  4775 | D:5      | Entered Level 5 of the Dungeon
  4832 | D:5      | Found a glowing drain.
  4856 | Sewer    | Entered a sewer
  4935 | Sewer    | Reached skill level 5 in Stealth
  4935 | Sewer    | Reached XP level 7. HP: 25/32 MP: 9/14
  5179 | Sewer    | Found a white marble altar of Elyvilon.
  5634 | D:5      | Noticed a two-headed ogre
  5654 | D:5      | Killed a two-headed ogre
  5655 | D:5      | Reached skill level 6 in Stealth
  5655 | D:5      | Reached skill level 5 in Spellcasting
  5655 | D:5      | Gained mutation: You have razor-sharp teeth. [Vine Stalker
                  | growth]
  5655 | D:5      | Reached XP level 8. HP: 36/36 MP: 13/17
  5874 | D:5      | Reached skill level 7 in Stealth
  6051 | D:5      | Noticed Grinder
  6058 | D:5      | Paralysed by Grinder for 3 turns
  6200 | D:5      | Killed Grinder
  6201 | D:5      | Reached XP level 9. HP: 38/39 MP: 17/19
  6217 | D:5      | Learned a level 3 spell: Frozen Ramparts
  6221 | D:5      | Learned a level 3 spell: Ozocubu's Armour
  6229 | D:6      | Noticed Pikel
  6261 | D:5      | Killed Pikel
  6262 | D:5      | Reached skill level 5 in Dodging
  6262 | D:5      | Reached skill level 8 in Stealth
  6364 | D:6      | Noticed Prince Ribbit
  6817 | D:6      | Identified the +1 scale mail of Nalic {rElec rC+ Dex-3}
  6829 | D:6      | Got the Guide on Confrontation and Black Magic
  6905 | D:6      | Reached skill level 1 in Short Blades
  7058 | D:6      | Found a staircase to the Ecumenical Temple.
  7202 | D:6      | Killed Prince Ribbit
  7414 | D:6      | Found Kiolurh Yrov's Armour Shoppe.
  7426 | D:6      | Reached skill level 9 in Stealth
  7635 | D:6      | Noticed Eustachio
  7748 | D:6      | Killed Eustachio
  7872 | D:7      | Noticed Joseph
  7872 | D:7      | Noticed Maggie
  7890 | D:7      | Noticed a two-headed ogre
  7930 | D:6      | Killed a two-headed ogre
  7931 | D:6      | Reached XP level 10. HP: 44/44 MP: 12/22
  8418 | D:7      | Identified the +2 leather armour of Boas {rPois rF+ Int+2}
  9103 | D:7      | Found a transporter.
  9388 | D:7      | Noticed a manticore
  9404 | D:7      | Noticed Kazon's ghost (novice DsBe)
  9463 | D:7      | Found a transporter.
  9504 | D:7      | Killed Maggie
  9627 | D:7      | Killed Joseph
  9649 | D:7      | Found Hucall's Antique Weapon Shop.
  9900 | D:7      | Reached skill level 10 in Stealth
 10445 | D:8      | Found a transporter.
 10460 | D:8      | Noticed Foxy's ghost (novice TrFi)
 10463 | D:8      | Noticed a moth of wrath
 10471 | D:8      | Found a bloodstained altar of Trog.
 10480 | D:8      | Found a transporter.
 10566 | D:8      | Reached skill level 1 in Evocations
 10713 | D:8      | Reached skill level 1 in Armour
 10990 | D:9      | Reached XP level 11. HP: 44/47 MP: 21/24
 11003 | D:9      | Found a staircase to the Lair.
 11598 | D:10     | Entered Level 10 of the Dungeon
 11782 | Lair:1   | Entered Level 1 of the Lair of Beasts
 12002 | Lair:1   | Learned a level 4 spell: Hailstorm
 12223 | Lair:1   | Reached skill level 1 in Conjurations
 12559 | Lair:2   | Reached skill level 5 in Short Blades
 12806 | Lair:2   | Reached skill level 11 in Stealth
 12818 | Lair:2   | Noticed a six-headed hydra
 12827 | Lair:2   | Killed a six-headed hydra
 12899 | Lair:2   | Found a staircase to the Shoals.
 12899 | Lair:2   | Noticed a manticore
 12914 | Lair:2   | Killed a manticore
 13038 | Lair:2   | Reached XP level 12. HP: 51/51 MP: 25/25
 13666 | Lair:2   | HP: 1/51 [yak (6)]
 14022 | Lair:2   | HP: 2/51 [cane toad (9)]
 14164 | Lair:3   | Noticed a death yak
 14166 | Lair:3   | Noticed a death yak
 14166 | Lair:3   | Noticed a death yak
 14212 | Lair:3   | Found a hole to the Spider Nest.
 14283 | Lair:3   | Noticed a death yak
 14375 | Lair:3   | Noticed a death yak
 14391 | Lair:3   | Killed a death yak
 14910 | Lair:3   | Killed a death yak
 15214 | Lair:4   | You fall into a shaft and drop 2 floors!
 15214 | Lair:6   | Entered Level 6 of the Lair of Beasts
 15245 | Lair:6   | Reached skill level 12 in Stealth
 15245 | Lair:6   | Noticed an eight-headed hydra
 15252 | Lair:6   | Noticed a death yak
 15252 | Lair:6   | Noticed a death yak
 15252 | Lair:6   | Noticed an eight-headed hydra
 15286 | Lair:4   | Reached skill level 10 in Ice Magic
 15309 | Lair:4   | Found the ring of the Tortoise {AC+8}
 15369 | Lair:4   | Paralysed by a floating eye for 4 turns
 15386 | Lair:4   | Noticed an eight-headed hydra
 15947 | Lair:4   | Killed an eight-headed hydra
 15954 | Lair:4   | Reached XP level 13. HP: 47/55 MP: 27/27
 15954 | Lair:4   | Upgraded the game from 0.29-a0-620-g13ace881f2 to
                  | 0.29-a0-643-ga013cefcf8
 16330 | Lair:5   | Reached skill level 5 in Evocations
 16887 | Lair:5   | Identified a scroll of acquirement
 16888 | Lair:5   | Acquired the +3 Mad Mage's Maulers {Infuse+∞ RegenMP Int-3}
 16888 | Lair:5   | Found the +3 Mad Mage's Maulers {Infuse+∞ RegenMP Int-3}
 17960 | Lair:6   | Reached skill level 5 in Conjurations
 18019 | Lair:6   | Reached skill level 10 in Spellcasting
 18233 | Temple   | Entered the Ecumenical Temple
 18553 | Temple   | Fell from the grace of Ignis
 18553 | Temple   | Became a worshipper of Nemelex Xobeh the Trickster
 19283 | Lair:5   | Reached skill level 5 in Armour
 19521 | Lair:6   | Found a staircase to the Slime Pits.
 19799 | Lair:6   | Reached skill level 13 in Stealth
 19900 | Lair:6   | Reached XP level 14. HP: 48/59 MP: 23/29
 20621 | Lair:6   | Learned a level 3 spell: Dazzling Flash
 21163 | Lair:6   | Found the ring of the Octopus King
 21204 | Lair:6   | Identified a ring of the Octopus King {rCorr HP+2 AC+2 EV+2
                  | SH+2}
 21206 | Lair:6   | Identified the +1 ring mail of Tifuo {rN+ Will- rCorr}
 21499 | D:10     | Noticed Urug
 21512 | D:10     | Killed Urug
 21825 | D:4      | Bought a scroll of teleportation for 42 gold pieces
 22178 | D:10     | Reached * piety under Nemelex Xobeh
 22200 | D:10     | Reached skill level 1 in Hexes
 22202 | D:10     | Noticed Erolcha
 22217 | D:10     | Cast into level 1 of the Abyss (Erolcha)
 22289 | Abyss:1  | Found a corrupted altar of Lugonu.
 22345 | Abyss:1  | Noticed a tentacled starspawn
 22491 | Abyss:2  | Noticed a kraken
 22549 | Abyss:2  | HP: 1/61 [tentacle[a kraken] (8)]
 22550 | Abyss:2  | Killed a kraken
 22564 | D:10     | Escaped the Abyss
 23206 | D:11     | Found a portal to a secret trove of treasure.
 23424 | D:11     | Received a gift from Nemelex Xobeh
 23492 | D:11     | Reached ** piety under Nemelex Xobeh
 23953 | D:12     | Received a gift from Nemelex Xobeh
 24258 | D:12     | Found Esaypria's Magic Scroll Shop.
 24278 | D:12     | Bought a scroll of summoning for 95 gold pieces
 24278 | D:12     | Bought 2 scrolls of enchant weapon for 150 gold pieces
 24278 | D:12     | Bought a scroll of teleportation for 30 gold pieces
 24278 | D:12     | Bought a scroll of blinking for 75 gold pieces
 24278 | D:12     | Bought a scroll of silence for 75 gold pieces
 24280 | D:12     | Bought a scroll of enchant weapon for 75 gold pieces
 24482 | D:12     | Noticed Snorg
 24494 | D:12     | Killed Snorg
 24552 | D:12     | Found a staircase to the Orcish Mines.
 24559 | D:12     | Reached skill level 1 in Fighting
 24559 | D:12     | Reached skill level 1 in Crossbows
 25226 | D:13     | Reached *** piety under Nemelex Xobeh
 25235 | D:13     | HP: 1/63 [skeletal warrior/+0 morningstar (10)]
 25522 | D:13     | Received a gift from Nemelex Xobeh
 25536 | D:13     | Got the Handbook of Dark Enchantment
 25549 | D:13     | Learned a level 3 spell: Vampiric Draining
 25725 | D:13     | Found Fiseypp's Elemental Accessories.
 25732 | D:13     | Bought a wand of iceblast (3) for 77 gold pieces
 26567 | D:14     | Reached XP level 15. HP: 65/65 MP: 27/30
 26570 | D:14     | Reached skill level 1 in Necromancy
 26638 | D:14     | Found a gate to the Vaults.
 26700 | D:14     | Received a gift from Nemelex Xobeh
 26700 | D:14     | Noticed enile's ghost (journeyman FoEE)
 26700 | D:14     | Identified the +1 great mace "Zosummu" {flame, rF+ Will+
                  | Str+7 Dex-3 SInv}
 26701 | D:14     | Found a transporter.
 26703 | D:14     | Noticed a frost giant
 26709 | D:14     | Found a transporter.
 26883 | D:14     | Reached skill level 14 in Stealth
 27111 | D:15     | Entered Level 15 of the Dungeon
 27192 | D:15     | Found a staircase to the Depths.
 27482 | D:15     | Found a frozen archway.
 27721 | D:15     | Found a stormy altar of Qazlal.
 27876 | D:15     | Reached **** piety under Nemelex Xobeh
 27930 | D:15     | Was forgiven by Ignis
 28054 | D:15     | Found a runed translucent door.
 28057 | D:15     | Noticed Xuokouwn's ghost (journeyman DsBe)
 28097 | D:15     | Killed Xuokouwn's ghost
 28112 | D:15     | Identified the +4 robe of the Equinox {rN+ Int+3 SInv
                  | Stlth+}
 28251 | Orc:1    | Entered Level 1 of the Orcish Mines
 28251 | Orc:1    | Found Hekhluzot's Armour Shop.
 28251 | Orc:1    | Received a gift from Nemelex Xobeh
 28269 | Orc:1    | Bought a +0 helmet of intelligence for 195 gold pieces
 28364 | Orc:1    | Found Otiwiz's Weapon Emporium.
 28418 | Orc:1    | Found Sezio's Antique Weapon Shop.
 28427 | Orc:1    | Bought a jewelled rapier for 252 gold pieces
 28427 | Orc:1    | Identified the +9 rapier "Niukhiwi" {flame, Contam *Slow
                  | rPois rCorr} (You bought it in a shop on level 1 of the
                  | Orcish Mines)
 28630 | Orc:2    | Entered Level 2 of the Orcish Mines
 28650 | Orc:1    | Found Duraj Jauth's Assorted Antiques.
 28757 | Orc:2    | Reached skill level 1 in Invocations
 28773 | Orc:2    | Noticed an orc warlord
 28825 | Orc:2    | Killed an orc warlord
 28859 | Orc:2    | Reached XP level 16. HP: 38/72 MP: 14/32
 28992 | Orc:2    | Found Pyrutz's Antique Weapon Emporium.
 29004 | Orc:2    | Found Merchocea's Antique Armour Shoppe.
 29023 | Orc:2    | Bought an embroidered cloak for 247 gold pieces
 29044 | Orc:2    | Bought an encrusted short sword for 232 gold pieces
 29044 | Orc:2    | Identified the +5 short sword of Duty {flame, rC- Int+4
                  | SInv Stlth+} (You bought it in a shop on level 2 of the
                  | Orcish Mines)
 29241 | Orc:2    | Found Veip's Jewellery Emporium.
 29263 | Orc:2    | Found Ylleddusch's General Store.
 29278 | Orc:2    | Bought a wand of mindburst (7) for 187 gold pieces
 29279 | Orc:2    | Found a staircase to the Elven Halls.
 29303 | Orc:2    | Reached ***** piety under Nemelex Xobeh
 29303 | Orc:2    | Received a gift from Nemelex Xobeh
 29762 | Spider:1 | Entered Level 1 of the Spider Nest
 29772 | Spider:1 | Learned a level 3 spell: Stone Arrow
 29780 | Spider:1 | Identified the +0 robe "Ruoph" {Str+3}
 30034 | Spider:1 | Learned a level 5 spell: Iskenderun's Battlesphere
 30188 | Spider:1 | Received a gift from Nemelex Xobeh
 30190 | Spider:1 | Reached skill level 1 in Earth Magic
 30905 | Spider:1 | Reached skill level 5 in Hexes
 31017 | Spider:1 | Gained mutation: Armour fits poorly on your strangely
                  | shaped body. [mutagenic glow]
 31400 | Spider:1 | Slain by a redback simulacrum

Illustrated notes

Levels and vault maps discovered:
D:1:      dpeg_arrival_connections, layout_rooms,
          hellmonk_ecumenical_altar_inner_sanctum, minmay_misc_feat_ornament,
          st_stairs_14
D:2:      layout_loops_corners, kennysheep_generic_room_4
D:3:      layout_rooms, dk_noncrumbling_2
D:4:      layout_gridville, nicolae_hepliaklqana_hippocampus, serial_shops,
          shop, nicolae_shop_advertising_works [nicolae_subvault_shop_adworks],
          shop
D:5:      layout_loops_ring, gup_sewer_entry_pipe, uniq_grinder
D:6:      layout_loops_ring, minmay_temple_entry_butterflies, serial_shops,
          nicolae_shop_behind_doors, uniq_eustachio, uniq_prince_ribbit1,
          uniq_pikel
D:7:      layout_rooms, serial_shops, nicolae_take_the_stairs,
          gammafunk_ghost_arena, uniq_joseph, uniq_maggie
D:8:      layout_cave_pools, gammafunk_ghost_wrathful_warriors,
          pf_guarded_unrand_woodcutter
D:9:      layout_gridville, due_lair_maze_entry_diamond
D:10:     layout_loops_ring, minmay_protected_statue, uniq_urug, uniq_erolcha
D:11:     layout_long_grid, trove_entry_hex_spiral,
          chequers_serial_rivers_micro_d
D:12:     layout_loops_corners, minmay_orc_entry_temple_small, serial_shops,
          shop, uniq_snorg
D:13:     layout_basic, nicolae_elemental_shop
D:14:     layout_basic, hangedman_vaults_entry_quadrant_bands,
          gammafunk_ghost_smash, minivault_25, chequers_garden
D:15:     hangedman_depths_entry_try_elsewhere_first, layout_basic,
          grunt_qazlal_clouds, ebering_ghost_inner_flame,
          portal_ice_cave_entry_horrid_things, columned_hall_lemuel, laboratory
Temple:   regret_index_temple_sigil_plot
Lair:1:   beast_lair_carwin_large_1, layout_gridlike, grunt_megastairs_2
Lair:2:   layout_small_grid, minmay_shoals_entry_beasts, eino_house_with_fridge,
          wad_woods_river_01
Lair:3:   layout_hall_layers, hellmonk_spider_entry_life_and_decay
Lair:4:   layout_misc_corridors, disabler_island
Lair:5:   layout_cave_pods, nicolae_lair_lindhole
Lair:6:   gammafunk_lair_ancient_temple, layout_long_grid,
          minmay_slime_entry_jelly_boxes, serial_rivers,
          chequers_serial_rivers_large_b, chequers_serial_rivers_micro_b,
          chequers_serial_rivers_small_a, chequers_serial_rivers_micro_e,
          lookout_lair_type
Spider:1: layout_spider_delve, drop_trap
Orc:1:    layout_diamond_mine, serial_shops, shop_statue, shop,
          nicolae_diamond_shop, nicolae_shop_waterfront, basic_altar
Orc:2:    grunt_orc_gardens, layout_caves, grunt_orc_garden, grunt_orc_garden,
          grunt_orc_garden, grunt_orc_garden

Skill      XL: |  1  2  3  4  5  6  7  8  9 10 11 12 13 14 15 16 |
---------------+-------------------------------------------------+-----
Stealth        | 3 4 5 6 7 9 10 11 12 13 14 | 14.7
Dodging        | 2 3 4 5 6 7 8 9 |  9.8
Spellcasting   | 3 4 5 6 7 8 9 10 11 | 11.6
Ice Magic      | 5 6 8 9 10 11 12 | 12.0
Short Blades   | 2 4 5 6 7 8 |  8.9
Evocations     | 1 3 4 6 7 |  7.9
Armour         | 1 3 4 5 |  5.5
Conjurations   | 2 4 5 6 7 8 |  8.0
Hexes          | 3 4 5 |  5.1
Fighting       | 1 3 4 |  4.1
Crossbows      | 1 3 4 |  4.1
Necromancy     | 3 |  3.9
Invocations    | 1 2 |  2.5
Earth Magic    | 1 |  1.7

Action                   |  1- 3 |  4- 6 |  7- 9 | 10-12 | 13-15 | 16-18 || total
-------------------------+-------+-------+-------+-------+-------+-------++-------
Melee: Short sword       |    58 |   136 |    50 |       |       |       ||   244
       Bite              |    20 |    41 |    66 |   158 |   379 |    98 ||   762
       Punch             |       |     2 |     6 |     6 |    16 |     4 ||    34
       Dagger            |       |       |   119 |   144 |       |       ||   263
       Whip              |       |       |     7 |       |       |       ||     7
       Battleaxe         |       |       |       |    57 |       |       ||    57
       Rapier            |       |       |       |   222 |   877 |   243 ||  1342
 Fire: Hunting sling     |       |    10 |       |    14 |       |       ||    24
       Hand crossbow     |       |       |       |       |    19 |    10 ||    29
Throw: Throwing net      |       |       |     1 |     1 |       |       ||     2
       Javelin           |       |       |       |     5 |     5 |     1 ||    11
       Dart              |       |       |       |     3 |     4 |       ||     7
       Boomerang         |       |       |       |       |     5 |       ||     5
 Cast: Freeze            |    32 |    39 |    15 |     5 |       |       ||    91
       Frozen Ramparts   |       |       |     3 |    22 |    50 |     8 ||    83
       Ozocubu's Armour  |       |       |       |     3 |    15 |     1 ||    19
       Hailstorm         |       |       |       |       |    28 |     2 ||    30
       Dazzling Flash    |       |       |       |       |     7 |     9 ||    16
       Vampiric Draining |       |       |       |       |     1 |     5 ||     6
       Stone Arrow       |       |       |       |       |       |     1 ||     1
Invok: Fiery Armour      |       |     2 |     2 |     4 |     1 |       ||     9
       Foxfire Swarm     |       |       |     1 |     1 |       |       ||     2
       Rising Flame      |       |       |       |     1 |       |       ||     1
       Draw Destruction  |       |       |       |       |     9 |     7 ||    16
       Draw Summoning    |       |       |       |       |     1 |     1 ||     2
       Stack Five        |       |       |       |       |       |     1 ||     1
Evoke: Wand              |       |       |     8 |     7 |    42 |     1 ||    58
       Phantom mirror    |       |       |       |       |     2 |       ||     2
  Use: Scroll            |       |    13 |     7 |    19 |    17 |     2 ||    58
       Potion            |       |       |     1 |     4 |     8 |       ||    13
 Stab: Sleeping          |     1 |    11 |     4 |    31 |    45 |     6 ||    98
       Held in net/web   |       |       |     2 |       |       |       ||     2
       Distracted        |       |       |       |     6 |     4 |     4 ||    14
       Invisible         |       |       |       |       |     3 |     9 ||    12
       Paralysed         |       |       |       |       |     1 |       ||     1
Armor: Robe              |    41 |    39 |    42 |     8 |       |       ||   130
       Leather armour    |       |       |       |   115 |   247 |    80 ||   442
Dodge: Dodged            |    41 |   115 |   125 |   339 |   728 |   295 ||  1643
Block: Other             |       |       |       |       |    29 |    16 ||    45

Table legend: (Time is in decaauts)
 A = Elapsed time spent in this place.
 B = Non-inter-level travel time spent in this place.
 C = Inter-level travel time spent in this place.
 D = Time resting spent in this place.
 E = Time spent auto-exploring this place.
 F = Levels seen in this place.
 G = Mean time per level.
                   A        B        C        D        E       F      G
               +--------+--------+--------+--------+--------+-----+--------+
         Total |  31346 |  29615 |   1731 |   9252 |  12198 |  28 | 1119.5 |
       Dungeon |  17934 |  16895 |   1039 |   4754 |   7685 |  15 | 1195.6 |
        Temple |    337 |    308 |     29 |      0 |    216 |   1 |  337.0 |
          Lair |   9341 |   8759 |    582 |   3141 |   3223 |   6 | 1556.8 |
   Spider Nest |   1599 |   1599 |      0 |    886 |    352 |   1 | 1599.0 |
  Orcish Mines |   1308 |   1229 |     79 |    163 |    631 |   2 |  654.0 |
         Abyss |    349 |    349 |      0 |     99 |      0 |   2 |  174.5 |
         Sewer |    473 |    473 |      0 |    208 |     91 |   1 |  473.0 |
               +--------+--------+--------+--------+--------+-----+--------+

Top non-repeatable levels by time:
  Lair:5: 2498 daAuts
  Lair:6: 2117 daAuts
     D:6: 2051 daAuts
  Lair:2: 1854 daAuts
     D:4: 1614 daAuts
Spider:1: 1599 daAuts
     D:5: 1517 daAuts
    D:12: 1469 daAuts
     D:7: 1438 daAuts
  Lair:3: 1399 daAuts
     D:2: 1316 daAuts
     D:1: 1172 daAuts
     D:9: 1041 daAuts
    D:11: 1007 daAuts
    D:15: 1004 daAuts
